BR (22 & UNDER)
ROY EAGLE SQUADRON @ MONROE MALLARDS
08/27/2029
 
TOP OF THE 1ST
Roy Eagle Squadron batting - Pitching for Monroe Mallards : RHP Ryan Crow
Pitching: RHP Ryan Crow
Batting: RHB Kevin Hale 0-0: Fly out, F9 (Flyball, 89S)
Batting: RHB Carl Curry 0-0: Called Strike
0-1: Swinging Strike
0-2: Ball
1-2: Fly out, F9 (Flyball, 9S)
Batting: RHB Enrique Soto 0-0: Ball
1-0: Ball
2-0: Foul Ball, location: 2F
2-1: Ground out 3-1 (Groundball, 34)
Top of the 1st over - 0 runs, 0 hits, 0 errors, 0 left on base; Roy 0 - Monroe 0
BOTTOM OF THE 1ST
Monroe Mallards batting - Pitching for Roy Eagle Squadron : RHP Jorge Arellano
Pitching: RHP Jorge Arellano
Batting: RHB Benito Bo 0-0: DOUBLE (Flyball, 89D)
Batting: RHB Dave Sawyer 0-0: Ball
1-0: SINGLE (Line Drive, 56)
Benito Bo to third
Batting: LHB Allen Boyd 0-0: Ball
1-0: Ball
2-0: Foul Ball, location: 2F
2-1: Foul Ball, location: 2F
2-2: Ball
3-2: Grounds into double play, 4-6-3 (Groundball, 4)
Benito Bo scores
Batting: LHB Lino Baena 0-0: Ball
1-0: Ball
2-0: Ball
3-0: Base on Balls
Batting: RHB Jorge Vázquez 0-0: Ball
1-0: Ball
2-0: Ball
3-0: Called Strike
3-1: Base on Balls
Lino Baena to second
Batting: LHB Ramón Ortega 0-0: Ball
1-0: Foul Ball, location: 2F
1-1: Called Strike
1-2: Strikes out swinging
Bottom of the 1st over - 1 run, 2 hits, 0 errors, 2 left on base; Roy 0 - Monroe 1
TOP OF THE 2ND
Roy Eagle Squadron batting - Pitching for Monroe Mallards : RHP Ryan Crow
Batting: LHB Cisco Villanueva 0-0: Foul Ball, location: 2F
0-1: Ball
1-1: Foul Ball, location: 2F
1-2: Ball
2-2: Fly out, F7 (Flyball, 78D)
Batting: RHB Gabriel Byram 0-0: Called Strike
0-1: Ball
1-1: Ball
2-1: Ground out 4-3 (Groundball, 4M)
Batting: LHB Larry Bradley 0-0: Ball
1-0: SINGLE (Line Drive, 6D)
Batting: LHB Robinson González 0-0: Foul Ball, location: 2F
0-1: Ball
1-1: Fly out, F8 (Flyball, 8RD)
Top of the 2nd over - 0 runs, 1 hit, 0 errors, 1 left on base; Roy 0 - Monroe 1
BOTTOM OF THE 2ND
Monroe Mallards batting - Pitching for Roy Eagle Squadron : RHP Jorge Arellano
Batting: RHB Roberto Sánchez 0-0: Called Strike
0-1: Ball
1-1: SINGLE (Groundball, 56D)
Batting: RHB Héctor Vega 0-0: Called Strike
0-1: Foul Ball, location: 2F
0-2: Ball
1-2: Strikes out swinging
Batting: RHB Simon Plante 0-0: Foul Ball, location: 2F
0-1: SINGLE (Groundball, 5L) (infield hit)
Roberto Sánchez to second
Batting: RHB Benito Bo 0-0: Foul Ball, location: 2F
0-1: Fly out, F9 (Line Drive, 9)
Batting: RHB Dave Sawyer 0-0: Ball
1-0: Ball
2-0: Ball
3-0: Base on Balls
Roberto Sánchez to third
Simon Plante to second
Batting: LHB Allen Boyd 0-0: Foul Ball, location: 2F
0-1: Called Strike
0-2: Foul Ball, location: 2F
0-2: Ball
1-2: SINGLE (Groundball, 4MD)
Roberto Sánchez scores
Simon Plante to third
Dave Sawyer to second
Runner from 3rd tries for Home, SAFE, no throw
Batting: LHB Lino Baena 0-0: Called Strike
0-1: Fly out, F7 (Flyball, 7S)
Bottom of the 2nd over - 2 runs, 3 hits, 0 errors, 2 left on base; Roy 0 - Monroe 3
TOP OF THE 3RD
Roy Eagle Squadron batting - Pitching for Monroe Mallards : RHP Ryan Crow
Batting: RHB Mark Morris 0-0: Ground out 5-3 (Groundball, 56S)
Batting: RHB Ryan Campbell 0-0: Called Strike
0-1: Ball
1-1: Foul Ball, location: 2F
1-2: Foul Ball, location: 2F
1-2: Strikes out looking
Batting: RHB Kevin Hale 0-0: Swinging Strike
0-1: Swinging Strike
0-2: Strikes out swinging
Top of the 3rd over - 0 runs, 0 hits, 0 errors, 0 left on base; Roy 0 - Monroe 3
BOTTOM OF THE 3RD
Monroe Mallards batting - Pitching for Roy Eagle Squadron : RHP Jorge Arellano
Batting: RHB Jorge Vázquez 0-0: Ball
1-0: Ground out 6-3 (Groundball, 6MS)
Batting: LHB Ramón Ortega 0-0: Ball
1-0: Ball
2-0: Called Strike
2-1: Swinging Strike
2-2: Ground out 4-3 (Groundball, 4M)
Batting: RHB Roberto Sánchez 0-0: Called Strike
0-1: Ball
1-1: Ground out 3-1 (Groundball, 34)
Bottom of the 3rd over - 0 runs, 0 hits, 0 errors, 0 left on base; Roy 0 - Monroe 3
TOP OF THE 4TH
Roy Eagle Squadron batting - Pitching for Monroe Mallards : RHP Ryan Crow
Batting: RHB Carl Curry 0-0: Ball
1-0: Swinging Strike
1-1: DOUBLE (Flyball, 89D)
Batting: RHB Enrique Soto 0-0: Ball
1-0: Fly out, F8 (Flyball, 78D)
Batting: LHB Cisco Villanueva 0-0: Called Strike
0-1: Ball
1-1: Swinging Strike
1-2: Ball
2-2: Foul Ball, location: 2F
2-2: Ball
3-2: Base on Balls
Batting: RHB Gabriel Byram 0-0: Ball
Carl Curry steals 3rd base
1-0: Grounds into double play, 4-6-3 (Groundball, 4)
Top of the 4th over - 0 runs, 1 hit, 0 errors, 1 left on base; Roy 0 - Monroe 3
BOTTOM OF THE 4TH
Monroe Mallards batting - Pitching for Roy Eagle Squadron : RHP Jorge Arellano
Batting: RHB Héctor Vega 0-0: Called Strike
0-1: Foul Ball, location: 2F
0-2: Foul Ball, location: 2F
0-2: Foul Ball, location: 2F
0-2: Ball
1-2: Ground out 6-3 (Groundball, 6)
Batting: RHB Simon Plante 0-0: Ground out 1-3 (Groundball, P)
Batting: RHB Benito Bo 0-0: Ball
1-0: Ball
2-0: Called Strike
2-1: Hit by Pitch
Batting: RHB Dave Sawyer 0-0: Fly out, F8 (Flyball, 8RXD)
Bottom of the 4th over - 0 runs, 0 hits, 0 errors, 1 left on base; Roy 0 - Monroe 3
TOP OF THE 5TH
Roy Eagle Squadron batting - Pitching for Monroe Mallards : RHP Ryan Crow
Batting: LHB Larry Bradley 0-0: Called Strike
0-1: Swinging Strike
0-2: Strikes out swinging
Batting: LHB Robinson González 0-0: Foul Ball, location: 2F
0-1: Ball
1-1: Ball
2-1: Swinging Strike
2-2: Ball
3-2: Foul Ball, location: 2F
3-2: Base on Balls
Batting: RHB Mark Morris 0-0: Ball
1-0: Foul Ball, location: 2F
1-1: Ball
2-1: Swinging Strike
2-2: Foul Ball, location: 2F
2-2: Strikes out looking
Batting: RHB Ryan Campbell 0-0: Ball
1-0: Fly out, F9 (Flyball, 9)
Top of the 5th over - 0 runs, 0 hits, 0 errors, 1 left on base; Roy 0 - Monroe 3
BOTTOM OF THE 5TH
Monroe Mallards batting - Pitching for Roy Eagle Squadron : RHP Jorge Arellano
Batting: LHB Allen Boyd 0-0: Called Strike
0-1: Called Strike
0-2: Foul Ball, location: 2F
0-2: Ball
1-2: Foul Ball, location: 2F
1-2: Foul Ball, location: 2F
1-2: Ground out 4-3 (Groundball, 4)
Batting: LHB Lino Baena 0-0: Ground out U3 (Groundball, 3L)
Batting: RHB Jorge Vázquez 0-0: Foul Ball, location: 2F
0-1: Called Strike
0-2: Ball
1-2: Ball
2-2: Ball
3-2: Base on Balls
Batting: LHB Ramón Ortega 0-0: Called Strike
0-1: Swinging Strike
0-2: Strikes out swinging
Bottom of the 5th over - 0 runs, 0 hits, 0 errors, 1 left on base; Roy 0 - Monroe 3
TOP OF THE 6TH
Roy Eagle Squadron batting - Pitching for Monroe Mallards : RHP Ryan Crow
Batting: RHB Kevin Hale 0-0: Ball
1-0: DOUBLE (Line Drive, 78D)
Batting: RHB Carl Curry 0-0: Called Strike
0-1: Swinging Strike
0-2: Ball
1-2: Foul Ball, location: 2F
1-2: Strikes out swinging
Batting: RHB Enrique Soto 0-0: Foul Ball, location: 2F
0-1: Foul Ball, location: 2F
0-2: Strikes out swinging
Batting: LHB Cisco Villanueva 0-0: Ball
1-0: Called Strike
1-1: Ball
2-1: Called Strike
2-2: Fly out, F8 (Flyball, 8RS)
Top of the 6th over - 0 runs, 1 hit, 0 errors, 1 left on base; Roy 0 - Monroe 3
BOTTOM OF THE 6TH
Monroe Mallards batting - Pitching for Roy Eagle Squadron : RHP Jorge Arellano
Batting: RHB Roberto Sánchez 0-0: Called Strike
0-1: Called Strike
0-2: Ball
1-2: Strikes out swinging
Batting: RHB Héctor Vega 0-0: Called Strike
0-1: Called Strike
0-2: Foul Ball, location: 2F
0-2: Ball
1-2: Ball
2-2: Strikes out swinging
Batting: RHB Simon Plante 0-0: Ball
1-0: Swinging Strike
1-1: Called Strike
1-2: Strikes out swinging
Bottom of the 6th over - 0 runs, 0 hits, 0 errors, 0 left on base; Roy 0 - Monroe 3
TOP OF THE 7TH
Roy Eagle Squadron batting - Pitching for Monroe Mallards : RHP Ryan Crow
Batting: RHB Gabriel Byram 0-0: Fly out, F7 (Line Drive, 78S)
Batting: LHB Larry Bradley 0-0: SINGLE (Line Drive, 34)
Pitching: LHP Roberto Mercado
Batting: LHB Robinson González 0-0: Called Strike
0-1: Ball
Larry Bradley steals 2nd base
1-1: Ball
2-1: Ball
3-1: Foul Ball, location: 2F
3-2: Strikes out swinging
Batting: RHB Mark Morris 0-0: Ball
1-0: Called Strike
1-1: Foul Ball, location: 2F
1-2: Ball
2-2: SINGLE (Flyball, 7LS)
Larry Bradley to third
Runner from 3rd tries for Home, SAFE, no throw
Batting: RHB Ryan Campbell 0-0: Foul Ball, location: 2F
0-1: Foul Ball, location: 2F
0-2: Strikes out swinging
Top of the 7th over - 1 run, 2 hits, 0 errors, 1 left on base; Roy 1 - Monroe 3
BOTTOM OF THE 7TH
Monroe Mallards batting - Pitching for Roy Eagle Squadron : RHP Jorge Arellano
Pitching: LHP Jason Mills
Batting: RHB Benito Bo 0-0: Called Strike
0-1: Ball
1-1: Swinging Strike
1-2: Strikes out looking
Batting: RHB Dave Sawyer 0-0: Foul Ball, location: 2F
0-1: Ball
1-1: Called Strike
1-2: Ball
2-2: Ball
3-2: SINGLE (Flyball, 7LM)
Batting: LHB Allen Boyd 0-0: Ball
1-0: Foul Ball, location: 2F
1-1: Ball
2-1: Foul Ball, location: 2F
2-2: Ball
3-2: Grounds into double play, 4-6-3 (Groundball, 4M)
Bottom of the 7th over - 0 runs, 1 hit, 0 errors, 0 left on base; Roy 1 - Monroe 3
TOP OF THE 8TH
Roy Eagle Squadron batting - Pitching for Monroe Mallards : LHP Roberto Mercado
Batting: RHB Kevin Hale 0-0: Called Strike
0-1: Ball
1-1: Fly out, F3 (Popup, 23F)
Batting: RHB Carl Curry 0-0: Ball
1-0: Ball
2-0: Ground out 6-3 (Groundball, 6)
Batting: RHB Enrique Soto 0-0: Ball
1-0: Foul Ball, location: 2F
1-1: Foul Ball, location: 2F
1-2: Foul Ball, location: 2F
1-2: Fly out, F7 (Flyball, 78S)
Top of the 8th over - 0 runs, 0 hits, 0 errors, 0 left on base; Roy 1 - Monroe 3
BOTTOM OF THE 8TH
Monroe Mallards batting - Pitching for Roy Eagle Squadron : LHP Jason Mills
Batting: LHB Lino Baena 0-0: Ball
1-0: Fly out, F7 (Flyball, 78S)
Batting: RHB Jorge Vázquez 0-0: Swinging Strike
0-1: Ground out 6-3 (Groundball, 6)
Batting: LHB Ramón Ortega 0-0: Ball
1-0: Called Strike
1-1: Ball
2-1: Ball
3-1: Base on Balls
Batting: RHB Roberto Sánchez 0-0: Ball
1-0: Ball
2-0: SINGLE (Groundball, 4D)
Ramón Ortega to second
Runner from 2nd tries for 3rd, SAFE, no throw
Batting: RHB Héctor Vega 0-0: Ground out 6-3 (Groundball, 6)
Bottom of the 8th over - 0 runs, 1 hit, 0 errors, 2 left on base; Roy 1 - Monroe 3
TOP OF THE 9TH
Roy Eagle Squadron batting - Pitching for Monroe Mallards : LHP Roberto Mercado
Batting: LHB Cisco Villanueva 0-0: Ball
1-0: Foul Ball, location: 2F
1-1: Called Strike
1-2: Foul Ball, location: 2F
1-2: Ball
2-2: Ball
3-2: Ground out 4-3 (Groundball, 4)
Batting: RHB Gabriel Byram 0-0: Ball
1-0: Called Strike
1-1: Called Strike
1-2: Foul Ball, location: 2F
1-2: Foul Ball, location: 2F
1-2: Foul Ball, location: 2F
1-2: Ball
2-2: Foul Ball, location: 2F
2-2: SINGLE (Groundball, 6MD)
Pitching: LHP José Meléndez
Pinch Hitting: RHB Dan Duckworth 0-0: Grounds into double play, 6-4-3 (Groundball, 6)
Top of the 9th over - 0 runs, 1 hit, 0 errors, 0 left on base; Roy 1 - Monroe 3
Saturday, December 16th, 2017 - OOTP Baseball 18.8 Build 76